General information
- name: BNet
- type: Ladder team game (AT/RT)
- host: Battle.net
- saver: nigballerbrand
map: Northshire_LV
- players: 8
- length: 28:56
- speed: Fast
- version: 1.29 W3XP
- replay type: Public
» download(318 KB)
Players
team 1 (loser)
Grinchy (
purple | 66 APM | 1905 actions | 28:46)
5 Demon Hunter
3 Mana Burn
2 Evasion
4 Keeper of the Grove
2 Entangling Roots
2 Thorns Aura
1 Archmage
1 Summon Water Elemental
» actions
| Assign group hotkey | 30 | |
| Basic commands | 52 | |
| Build / train | 80 | |
| Enter build submenu | 27 | |
| Enter hero's abilities submenu | 10 | |
| Give item / drop item | 5 | |
| Remove unit from queue | 5 | |
| Right click | 880 | |
| Select / deselect | 421 | |
| Select group hotkey | 298 | |
| Use ability | 97 | |
1905 total
» units
| Wisp | 21 | |
| Huntress | 7 | |
| Goblin Shredder | 1 | |
| Druid of the Talon | 4 | |
| Hippogryph | 9 | |
| Chimaera | 1 | |
| Archer | 2 | |
45 total
» upgrades
| Ultravision | 1 | |
| Reinforced Hides | 2 | |
| Strength of the Wild | 1 | |
| Druid of the Talon Training | 1 | |
5 total
» buildings
| Altar of Elders | 1 | |
| Moon Well | 7 | |
| Hunter's Hall | 1 | |
| Ancient of War | 2 | |
| Ancient of Wonders | 3 | |
| Tree of Life | 3 | |
| Tree of Ages | 1 | |
| Ancient of Wind | 3 | |
| Tree of Eternity | 1 | |
| Chimaera Roost | 3 | |
| Ancient Protector | 3 | |
28 total
» build order
00:08 Altar of Elders
00:12 Moon Well
01:20 Hunter's Hall
01:29 Ancient of War
01:55 Ancient of War
02:18 Moon Well
03:08 Moon Well
03:54 Ancient of Wonders
05:00 Tree of Life
05:36 Tree of Ages
06:32 Moon Well
08:03 Ancient of Wind
08:37 Tree of Eternity
09:53 Moon Well
10:41 Moon Well
11:12 Chimaera Roost
11:15 Chimaera Roost
11:54 Ancient of Wind
12:19 Tree of Life
12:21 Ancient Protector
12:23 Ancient Protector
12:25 Ancient Protector
12:44 Chimaera Roost
13:53 Ancient of Wind
17:12 Ancient of Wonders
17:15 Ancient of Wonders
18:02 Moon Well
19:44 Tree of Life
» items
| Lesser Clarity Potion | 1 | |
| Scroll of Town Portal | 5 | |
| Potion of Healing | 3 | |
| Potion of Lesser Invulnerability | 1 | |
| Scroll of Regeneration | 1 | |
11 total
ZaM (
teal | 55 APM | 1577 actions | 28:45)
6 Death Knight
3 Death Coil
2 Unholy Aura
1 Animate Dead
5 Lich
3 Frost Nova
2 Dark Ritual
» actions
| Assign group hotkey | 1 | |
| Basic commands | 2 | |
| Build / train | 68 | |
| Enter build submenu | 27 | |
| Enter hero's abilities submenu | 12 | |
| Give item / drop item | 2 | |
| Remove unit from queue | 2 | |
| Right click | 979 | |
| Select / deselect | 390 | |
| Select group hotkey | 9 | |
| Use ability | 85 | |
1577 total
» units
| Acolyte | 7 | |
| Ghoul | 5 | |
| Crypt Fiend | 8 | |
| Frost Wyrm | 14 | |
34 total
» upgrades
| Creature Attack | 3 | |
| Web | 1 | |
| Freezing Breath | 1 | |
| Creature Carapace | 2 | |
7 total
» buildings
| Crypt | 1 | |
| Graveyard | 1 | |
| Ziggurat | 8 | |
| Altar of Darkness | 1 | |
| Halls of the Dead | 2 | |
| Black Citadel | 1 | |
| Sacrificial Pit | 1 | |
| Boneyard | 2 | |
| Tomb of Relics | 2 | |
| Spirit Tower | 1 | |
20 total
» build order
00:23 Crypt
00:27 Graveyard
00:41 Ziggurat
01:02 Altar of Darkness
01:13 Ziggurat
02:44 Halls of the Dead
02:44 Halls of the Dead
04:22 Ziggurat
05:10 Black Citadel
06:01 Ziggurat
07:43 Sacrificial Pit
08:39 Boneyard
08:40 Boneyard
09:29 Ziggurat
11:32 Tomb of Relics
11:38 Ziggurat
11:40 Ziggurat
11:48 Tomb of Relics
13:37 Ziggurat
14:54 Spirit Tower
» items
| Healing Salve | 1 | |
| Scroll of Speed | 1 | |
| Potion of Healing | 1 | |
| Scroll of Town Portal | 2 | |
| Orb of Corruption | 1 | |
6 total

»
Aweb11 (
green | 50 APM | 1438 actions | 28:47)
5 Tauren Chieftain
2 Shockwave
3 Endurance Aura
4 Shadow Hunter
2 Healing Wave
2 Hex
» actions
| Assign group hotkey | 74 | |
| Basic commands | 49 | |
| Build / train | 105 | |
| ESC pressed | 13 | |
| Enter build submenu | 21 | |
| Enter hero's abilities submenu | 9 | |
| Give item / drop item | 7 | |
| Remove unit from queue | 1 | |
| Right click | 468 | |
| Select / deselect | 344 | |
| Select group hotkey | 194 | |
| Use ability | 153 | |
1438 total
» units
| Peon | 18 | |
| Grunt | 6 | |
| Troll Headhunter/Berserker | 3 | |
| Tauren | 10 | |
| Troll Batrider | 24 | |
61 total
» upgrades
| Berserker Strength | 1 | |
| Melee Weapons | 3 | |
| Armor | 3 | |
| Pillage | 1 | |
| Pulverize | 1 | |
9 total
» buildings
| Orc Burrow | 8 | |
| Barracks | 1 | |
| Altar of Storms | 1 | |
| War Mill | 1 | |
| Stronghold | 1 | |
| Voodoo Lounge | 1 | |
| Great Hall | 2 | |
| Fortress | 1 | |
| Tauren Totem | 2 | |
| Beastiary | 2 | |
20 total
» build order
00:12 Orc Burrow
01:10 Barracks
01:14 Altar of Storms
01:21 Orc Burrow
02:50 War Mill
03:52 Stronghold
03:59 Orc Burrow
04:16 Voodoo Lounge
04:45 Orc Burrow
06:00 Great Hall
07:26 Fortress
09:53 Tauren Totem
09:57 Tauren Totem
10:09 Orc Burrow
12:04 Orc Burrow
16:56 Beastiary
17:09 Beastiary
18:15 Orc Burrow
18:18 Orc Burrow
26:15 Great Hall
» items
| Healing Salve | 3 | |
| Periapt of Vitality | 3 | |
| Scroll of Town Portal | 7 | |
| Orb of Lightning | 1 | |
| Potion of Healing | 1 | |
| Scroll of Speed | 3 | |
| Lesser Clarity Potion | 1 | |
| Potion of Mana | 1 | |
20 total
Angrywinds (
yellow | 29 APM | 828 actions | 28:54)
3 Archmage
1 Summon Water Elemental
2 Blizzard
2 Naga Sea Witch
1 Frost Arrows
1 Forked Lightning
» actions
| Basic commands | 41 | |
| Build / train | 76 | |
| Enter build submenu | 29 | |
| Enter hero's abilities submenu | 5 | |
| Remove unit from queue | 5 | |
| Right click | 310 | |
| Select / deselect | 310 | |
| Use ability | 52 | |
828 total
» units
| Peasant | 8 | |
| Footman | 7 | |
| Rifleman | 19 | |
| Assassin | 2 | |
| Rogue | 2 | |
| Mortar Team | 4 | |
| Siege Engine | 7 | |
| Forest Troll High Priest | 1 | |
| Kobold Geomancer | 1 | |
51 total
» upgrades
| Long Rifles | 1 | |
| Lumber Harvesting | 2 | |
| Barrage | 1 | |
| Plating | 1 | |
5 total
» buildings
| Altar of Kings | 1 | |
| Barracks | 2 | |
| Farm | 10 | |
| Lumber Mill | 1 | |
| Scout Tower | 3 | |
| Arcane Tower | 1 | |
| Keep | 1 | |
| Blacksmith | 1 | |
| Workshop | 2 | |
| Guard Tower | 1 | |
| Castle | 1 | |
| Arcane Vault | 1 | |
25 total
» build order
00:37 Altar of Kings
00:43 Barracks
00:47 Farm
01:31 Lumber Mill
01:34 Scout Tower
01:51 Farm
02:10 Arcane Tower
02:32 Barracks
03:00 Farm
03:53 Keep
04:15 Blacksmith
05:35 Farm
05:43 Farm
06:17 Workshop
10:06 Scout Tower
10:44 Guard Tower
11:05 Castle
11:14 Farm
19:12 Workshop
20:36 Farm
20:38 Farm
21:16 Farm
21:19 Scout Tower
21:26 Farm
23:37 Arcane Vault
» items
| Scroll of Town Portal | 1 | |
| Periapt of Vitality | 1 | |
| Scroll of Healing | 1 | |
| Scroll of Regeneration | 1 | |
4 total
team 2 (winner)
jack_mehoff (
red | 54 APM | 1551 actions | 28:55)
8 Death Knight
2 Death Coil
3 Death Pact
2 Unholy Aura
1 Animate Dead
1 Lich
1 Frost Nova
» actions
| Build / train | 100 | |
| Enter build submenu | 34 | |
| Enter hero's abilities submenu | 9 | |
| Give item / drop item | 7 | |
| Right click | 782 | |
| Select / deselect | 489 | |
| Use ability | 130 | |
1551 total
» units
| Acolyte | 24 | |
| Ghoul | 3 | |
| Crypt Fiend | 13 | |
| Goblin Shredder | 1 | |
| Forest Troll High Priest | 2 | |
| Obsidian Statue | 3 | |
| Frost Wyrm | 10 | |
56 total
» upgrades
| Creature Carapace | 3 | |
| Web | 1 | |
| Creature Attack | 3 | |
| Freezing Breath | 1 | |
8 total
» buildings
| Altar of Darkness | 1 | |
| Crypt | 1 | |
| Ziggurat | 16 | |
| Graveyard | 1 | |
| Tomb of Relics | 2 | |
| Nerubian Tower | 2 | |
| Halls of the Dead | 1 | |
| Slaughterhouse | 2 | |
| Sacrificial Pit | 1 | |
| Spirit Tower | 7 | |
| Black Citadel | 1 | |
| Boneyard | 2 | |
37 total
» build order
00:36 Altar of Darkness
00:38 Crypt
00:46 Ziggurat
01:09 Graveyard
01:41 Tomb of Relics
01:46 Tomb of Relics
02:15 Ziggurat
03:45 Ziggurat
05:43 Nerubian Tower
06:18 Halls of the Dead
06:56 Ziggurat
07:13 Ziggurat
07:16 Ziggurat
09:01 Slaughterhouse
09:02 Sacrificial Pit
09:49 Spirit Tower
09:51 Ziggurat
10:22 Spirit Tower
10:52 Black Citadel
11:13 Spirit Tower
11:13 Spirit Tower
13:47 Boneyard
13:49 Boneyard
14:09 Ziggurat
14:11 Ziggurat
14:12 Spirit Tower
14:58 Ziggurat
15:02 Nerubian Tower
16:56 Slaughterhouse
17:39 Ziggurat
17:41 Ziggurat
18:14 Ziggurat
18:16 Ziggurat
18:52 Spirit Tower
19:27 Spirit Tower
22:56 Ziggurat
22:57 Ziggurat
» items
| Rod of Necromancy | 2 | |
| Scroll of Protection | 3 | |
| Scroll of Town Portal | 7 | |
| Potion of Lesser Invulnerability | 2 | |
14 total
nigballerbrand (
blue | 116 APM | 3342 actions | 28:56)
9 Archmage
3 Summon Water Elemental
3 Brilliance Aura
1 Mass Teleport
2 Blizzard
» actions
| Assign group hotkey | 80 | |
| Basic commands | 59 | |
| Build / train | 96 | |
| Enter build submenu | 38 | |
| Enter hero's abilities submenu | 9 | |
| Give item / drop item | 5 | |
| Remove unit from queue | 1 | |
| Right click | 1142 | |
| Select / deselect | 412 | |
| Select group hotkey | 1293 | |
| Use ability | 207 | |
3342 total
» units
| Peasant | 12 | |
| Footman | 4 | |
| Goblin Shredder | 1 | |
| Gryphon Rider | 5 | |
| Goblin Sapper | 3 | |
| Dragonhawk Rider | 15 | |
40 total
» upgrades
| Masonry | 3 | |
| Swords | 3 | |
| Armor | 3 | |
| Animal War Training | 1 | |
| Storm Hammers | 1 | |
| Cloud | 1 | |
12 total
» buildings
| Altar of Kings | 1 | |
| Barracks | 1 | |
| Farm | 10 | |
| Scout Tower | 16 | |
| Arcane Tower | 1 | |
| Arcane Vault | 1 | |
| Keep | 1 | |
| Lumber Mill | 1 | |
| Town Hall | 3 | |
| Guard Tower | 2 | |
| Castle | 1 | |
| Gryphon Aviary | 4 | |
| Blacksmith | 2 | |
44 total
» build order
00:49 Altar of Kings
00:50 Barracks
00:52 Farm
00:53 Farm
01:04 Farm
01:33 Scout Tower
02:09 Arcane Tower
03:00 Arcane Vault
03:31 Keep
03:46 Lumber Mill
04:17 Town Hall
04:29 Scout Tower
04:30 Scout Tower
04:31 Scout Tower
04:31 Scout Tower
04:56 Farm
05:54 Guard Tower
06:23 Castle
07:23 Gryphon Aviary
07:24 Gryphon Aviary
07:25 Gryphon Aviary
07:25 Gryphon Aviary
07:30 Blacksmith
07:31 Blacksmith
07:35 Farm
12:11 Scout Tower
12:12 Scout Tower
12:13 Scout Tower
12:13 Scout Tower
12:14 Scout Tower
12:14 Scout Tower
12:30 Farm
12:30 Farm
12:30 Farm
12:47 Farm
13:35 Guard Tower
13:54 Farm
18:12 Scout Tower
18:13 Scout Tower
18:14 Scout Tower
18:15 Scout Tower
18:15 Scout Tower
26:04 Town Hall
27:49 Town Hall
» items
| Scroll of Regeneration | 7 | |
| Mechanical Critter | 5 | |
| Scroll of Town Portal | 9 | |
| Staff of Sanctuary | 1 | |
| Scroll of Protection | 1 | |
| Scroll of Healing | 1 | |
| Potion of Lesser Invulnerability | 1 | |
| Orb of Corruption | 1 | |
| Healing Salve | 1 | |
| Potion of Healing | 1 | |
28 total
Swoot (
orange | 34 APM | 984 actions | 28:55)
5 Blademaster
3 Mirror Image
1 Wind Walk
1 Critical Strike
2 Shadow Hunter
1 Healing Wave
1 Serpent Ward
» actions
| Assign group hotkey | 22 | |
| Basic commands | 19 | |
| Build / train | 82 | |
| Enter build submenu | 28 | |
| Enter hero's abilities submenu | 8 | |
| Give item / drop item | 1 | |
| Right click | 385 | |
| Select / deselect | 333 | |
| Select group hotkey | 53 | |
| Use ability | 53 | |
984 total
» units
| Peon | 16 | |
| Grunt | 8 | |
| Troll Headhunter/Berserker | 19 | |
| Wind Rider | 14 | |
57 total
» upgrades
| Melee Weapons | 1 | |
| Armor | 3 | |
| Berserker Strength | 1 | |
| Ranged Weapons | 3 | |
| Envenomed Spears | 1 | |
| Berserker Upgrade | 1 | |
| Troll Regeneration | 1 | |
11 total
» buildings
| Altar of Storms | 1 | |
| Orc Burrow | 14 | |
| Barracks | 3 | |
| Voodoo Lounge | 1 | |
| War Mill | 1 | |
| Stronghold | 1 | |
| Fortress | 1 | |
| Great Hall | 2 | |
| Beastiary | 3 | |
| Watch Tower | 2 | |
29 total
» build order
00:09 Altar of Storms
00:23 Orc Burrow
00:55 Barracks
01:39 Orc Burrow
02:52 Voodoo Lounge
03:03 Orc Burrow
03:47 War Mill
05:38 Stronghold
07:01 Orc Burrow
09:07 Barracks
10:54 Orc Burrow
10:58 Orc Burrow
11:55 Barracks
12:01 Fortress
12:07 Orc Burrow
12:39 Great Hall
12:58 Beastiary
13:52 Orc Burrow
13:58 Orc Burrow
14:02 Orc Burrow
14:04 Orc Burrow
14:59 Beastiary
15:35 Orc Burrow
15:38 Orc Burrow
15:51 Beastiary
18:47 Orc Burrow
27:27 Watch Tower
27:33 Watch Tower
28:09 Great Hall
» items
| Healing Salve | 1 | |
| Scroll of Town Portal | 2 | |
3 total
C3N74UR (
pink | 94 APM | 2706 actions | 28:55)
7 Dreadlord
3 Vampiric Aura
3 Sleep
1 Inferno
4 Death Knight
2 Death Coil
2 Unholy Aura
» actions
| Assign group hotkey | 39 | |
| Basic commands | 188 | |
| Build / train | 139 | |
| ESC pressed | 4 | |
| Enter build submenu | 28 | |
| Enter hero's abilities submenu | 11 | |
| Give item / drop item | 8 | |
| Remove unit from queue | 1 | |
| Right click | 1048 | |
| Select / deselect | 899 | |
| Select group hotkey | 168 | |
| Use ability | 173 | |
2706 total
» units
| Acolyte | 13 | |
| Ghoul | 13 | |
| Assassin | 2 | |
| Gargoyle | 41 | |
| Obsidian Statue | 6 | |
| Goblin Zeppelin | 1 | |
| Abomination | 5 | |
81 total
» upgrades
| Unholy Strength | 1 | |
| Unholy Armor | 2 | |
| Creature Carapace | 2 | |
| Stone Form | 1 | |
| Destroyer Form | 1 | |
| Disease Cloud | 2 | |
| Creature Attack | 1 | |
10 total
» buildings
| Graveyard | 1 | |
| Crypt | 3 | |
| Ziggurat | 15 | |
| Altar of Darkness | 1 | |
| Tomb of Relics | 1 | |
| Nerubian Tower | 2 | |
| Halls of the Dead | 2 | |
| Spirit Tower | 8 | |
| Black Citadel | 1 | |
| Slaughterhouse | 1 | |
35 total
» build order
01:00 Graveyard
01:03 Crypt
01:05 Ziggurat
01:07 Altar of Darkness
01:17 Tomb of Relics
01:39 Crypt
02:07 Ziggurat
02:54 Ziggurat
05:05 Nerubian Tower
05:44 Halls of the Dead
05:45 Halls of the Dead
06:29 Spirit Tower
07:09 Ziggurat
07:10 Ziggurat
07:11 Ziggurat
07:12 Ziggurat
07:13 Ziggurat
07:17 Ziggurat
07:19 Ziggurat
07:21 Ziggurat
07:39 Spirit Tower
08:07 Black Citadel
09:25 Spirit Tower
09:25 Spirit Tower
09:25 Spirit Tower
09:25 Spirit Tower
09:26 Spirit Tower
09:27 Spirit Tower
10:46 Slaughterhouse
11:34 Crypt
17:08 Ziggurat
18:07 Ziggurat
24:49 Ziggurat
24:50 Ziggurat
25:54 Nerubian Tower
» items
| Rod of Necromancy | 2 | |
| Potion of Healing | 6 | |
| Potion of Mana | 3 | |
| Scroll of Town Portal | 2 | |
| Orb of Corruption | 1 | |
| Potion of Lesser Invulnerability | 1 | |
| Circlet of Nobility | 1 | |
| Periapt of Vitality | 1 | |
17 total
Chat log
(00:56 / Allies) jack_mehoff: fiends frost
(01:25 / Allies) jack_mehoff: units?
(01:33 / Allies) Swoot: tell me what i should do
(09:22 / Allies) jack_mehoff: tpp
(10:04 / Allies) C3N74UR: clear red corners
(10:39 / Allies) C3N74UR: red
(10:40 / Allies) C3N74UR: your fiend
(10:41 / Allies) C3N74UR: in my base
(11:21 / Allies) nigballerbrand: amke a hall there
(12:00 / Allies) C3N74UR: oj come
(12:00 / Allies) C3N74UR: clear
(12:17 / Allies) Swoot: at bottom?
(12:25 / Allies) nigballerbrand: he has wyrms
(12:26 / Allies) jack_mehoff: expand
(12:33 / Allies) C3N74UR: need zepp
(12:48 / Allies) jack_mehoff: who needs wood
(12:57 / Allies) C3N74UR: someone tp
(13:29 / Allies) nigballerbrand: b
(13:31 / Allies) nigballerbrand: to iuyt
(14:20 / Allies) C3N74UR: I have tp for hitting main
(14:52 / Allies) nigballerbrand: 3 here
(15:09 / Allies) jack_mehoff: omw
(15:48 / Allies) jack_mehoff: morts
(15:59 / Allies) C3N74UR: where
(16:25 / Allies) C3N74UR: teal is a mher
(17:12 / Allies) C3N74UR: that mh
(17:13 / Allies) C3N74UR: so obvious teal
(17:58 / Allies) nigballerbrand: whoo need wood
(19:00 / Allies) nigballerbrand: I'm out
(19:13 / Allies) C3N74UR: soon 6 dl
(19:57 / Allies) C3N74UR: godl 4 tp
(21:00 / Allies) jack_mehoff: tp
(21:27 / All) ZaM: well gg
(21:30 / All) ZaM: yellow fag ass just afk';s
(21:40 / All) ZaM: sits at his base and afk's
(21:40 / All) ZaM: nice
(21:54 / Allies) C3N74UR: Counter
(22:01 / Allies) jack_mehoff: gettin to
(22:45 / Allies) C3N74UR: Hit?
(22:46 / Allies) C3N74UR: group?
(23:17 / Allies) jack_mehoff: b
(23:31 / Allies) C3N74UR: IU got tp
(23:54 / Allies) jack_mehoff: tp]
(24:08 / Allies) C3N74UR: No team?
(25:26 / Allies) C3N74UR: priest
(25:41 / Allies) C3N74UR: infern soon
(25:44 / Allies) jack_mehoff: hold expos
(25:46 / Allies) jack_mehoff: we win4
(26:34 / Allies) C3N74UR: Gold TP?
(26:48 / All) nigballerbrand: Wow
(26:49 / All) nigballerbrand: I FUCING
(26:51 / All) nigballerbrand: tped!
(27:03 / Allies) C3N74UR: Hit?
(27:11 / Allies) nigballerbrand: gold?
(28:01 / Allies) nigballerbrand: gop
(28:03 / Allies) C3N74UR: Hit
(28:04 / Allies) C3N74UR: wtf
(28:15 / Allies) C3N74UR: teal mh
(28:16 / Allies) C3N74UR: so strong
(28:41 / Allies) C3N74UR: cloud towers